 Dungeon Crawl Stone Soup version 0.30.0-20-g3b4254fcbd (webtiles) character file.

Game seed: 12191334804072839785

2 Irreverend the Ruffian (level 1, 0/18 HPs)
             Began as a Naga Transmuter on June 3, 2023.
             Slain by a jackal (3 damage)
             ... on level 1 of the Dungeon.
             The game lasted 00:00:15 (116 turns).

Irreverend the Ruffian (Naga Transmuter)             Turns: 116, Time: 00:00:16

Health: 0/18       AC:  1    Str: 12    XL:     1   Next: 30%
Magic:  3/3        EV:  9    Int: 13    God:
Gold:   9          SH:  0    Dex: 11    Spells: 3/4 levels left

rFire   . .          .
                       - Unarmed
rCold   . . .        (no shield)
rNeg    . . .        a - +0 robe
rPois   +            (helmet currently unavailable)
rElec   .            (no cloak)
rCorr   .            (no gloves)
SInv    +            (no barding)
Will    .....        (no amulet)
Stlth   +            (no ring)
HPRegen 0.23/turn    (no ring)
MPRegen 0.08/turn

%: no passive effects
@: appendages (expiring), very slow
A: horns 2, AC +0, large, see invisible, deformed body, poison resistance,
slowness 2, spit poison 1, naga tail 1
a: Spit Poison, End Transformation


You were on level 1 of the Dungeon.
You had temporarily grown beastly horns.
You visited 1 branch of the dungeon, and saw 1 of its levels.

You collected 9 gold pieces.

Inventory:

Armour
 a - a +0 robe (worn)
Jewellery
 e - a +4 ring of protection
Scrolls
 c - a scroll of magic mapping {unknown}
 d - a scroll of acquirement {unknown}
Potions
 b - a potion of lignification


   Skills:
 + Level 1.0 Fighting
 + Level 1.5 Dodging
 * Level 3.0 Unarmed Combat
 + Level 2.0 Spellcasting
 + Level 2.0 Transmutations


You had 3 spell levels left.
You knew the following spells:

 Your Spells              Type           Power      Damage    Failure   Level
a - Beastly Appendage     Tmut           12%        N/A       11%         1

Your spell library contained the following spells:

 Spells                   Type           Power      Damage    Failure   Level
 Wereblood                Tmut           6%         N/A       17%         2
 Spider Form              Tmut/Pois      3%         N/A       45%         3
 Ice Form                 Ice/Tmut       3%         N/A       86%         4


Dungeon Overview and Level Annotations

Branches:
Dungeon (1/15)

Altars:


Innate Abilities, Weirdness & Mutations

You have temporarily grown beastly horns.
Your serpentine skin is tough. (AC +0)
You have supernaturally acute eyesight. (SInv)
Armour fits poorly on your strangely shaped body.
Your system is resistant to poisons. (rPois)
You cover ground very slowly.
You can spit poison.
You have a snake-like lower body.


Message History

Magic restored.
Your horns disappear.
You now have 9 gold pieces.
You open the door.
A jackal comes into view.
There is an open door here.
A jackal is nearby!
Casting: Beastly Appendage (safe; 11% risk of failure)
Confirm with . or Enter, or press ? or * to list all spells.
You grow a pair of large bovine horns.
The jackal bites you.
You closely miss the jackal. Your headbutt misses the jackal.
The jackal closely misses you.
You hit the jackal but do no damage. The jackal bites you.
You closely miss the jackal. You headbutt the jackal.
The jackal is almost dead.
The jackal bites you.
You closely miss the jackal. Your headbutt misses the jackal.
The jackal is almost dead.
The jackal bites you. x2
You barely miss the jackal.
The jackal is almost dead.
The jackal bites you.
You miss the jackal.
The jackal is almost dead.
The jackal bites you.
You completely miss the jackal.
The jackal is almost dead.
Your transformation is almost over.
The jackal bites you. The jackal closely misses you.
You barely miss the jackal. You punch the jackal.
You kill the jackal!
A jackal comes into view.
You see here a jackal corpse.
The jackal barks!
You barely miss the jackal. The jackal bites you.
* * * LOW HITPOINT WARNING * * *
You closely miss the jackal. The jackal bites you.
* * * LOW HITPOINT WARNING * * *
The jackal bites you.
You die...

####### #.....#
#.....############
+.....'.†.@h......
#.....############
#.....#
#.....########.
######.........
#.######.. #)#
######'######.
#.............


You could see a jackal.

Vanquished Creatures
  A jackal (D:1)
  A kobold (D:1)
2 creatures vanquished.

Notes
Turn   | Place    | Note
-------+----------+-------------------------------------------
     0 | D:1      | Irreverend the Naga Transmuter began the quest for the Orb.
     0 | D:1      | Reached XP level 1. HP: 18/18 MP: 3/3
   116 | D:1      | Slain by a jackal

Illustrated notes

Levels and vault maps discovered:
D:1:      lemuel_arrival_muddy, layout_basic

Action                     || total
---------------------------++-------
  Melee: Unarmed           ||    11
         Headbutt          ||     1
         Punch             ||     1
   Cast: Beastly Appendage ||     2
  Dodge: Dodged            ||     3
